 Dungeon Crawl Stone Soup version 0.28-a0-973-ga7f8b01127 (webtiles) character file.

Game seed: 8124380061366526983

9139 tatocazan the Cleaver (level 11, -1/85 HPs)
             Began as a Demonspawn Fighter on Dec 2, 2021.
             Was a High Priest of Okawaru.
             Slain by Grum (15 damage)
             ... on level 11 of the Dungeon.
             The game lasted 00:18:09 (18042 turns).

tatocazan the Cleaver (Demonspawn Fighter)         Turns: 18042, Time: 00:18:09

Health: -1/85      AC: 19    Str: 27    XL:     11   Next: 19%
Magic:  16/16      EV:  7    Int:  9    God:    Okawaru [*****.]
Gold:   541        SH:  0    Dex: 13    Spells: 10/10 levels left

rFire   . . .      SeeInvis .   a - +0 war axe (freeze)
rCold   . . .      Faith    .   m - +0 kite shield
rNeg    . . .      Spirit   .   A - +0 plate armour
rPois   .          Reflect  .   e - +2 helmet
rElec   .          Harm     .   i - +0 cloak
rCorr   .          Rampage  .   (no gloves)
Will    .....                   (no boots)
Stlth   ..........              (no amulet)
HPRegen 0.24/turn               q - +6 ring of strength
MPRegen 0.15/turn               (no ring)

@: confused, lethally poisoned (-1 -> -18), ambrosia-drunk
A: slimy green scales 1, foul stench 1, demonic magic 2, demonic touch 2
a: Renounce Religion, Heroism, Finesse, Duel


You were on level 11 of the Dungeon.
You worshipped Okawaru.
Okawaru was extremely pleased with you.
You visited 2 branches of the dungeon, and saw 12 of its levels.

You collected 541 gold pieces.

Inventory:

Hand Weapons
 a - a +0 war axe of freezing (weapon)
 l - a +2 whip of draining
Missiles
 r - 2 throwing nets (quivered)
Armour
 e - a +2 helmet (worn)
 i - a +0 cloak (worn)
 m - a +0 kite shield (worn)
 A - a +0 plate armour (worn)
Jewellery
 q - a +6 ring of strength (left hand)
Wands
 n - a wand of flame (26)
 v - a wand of polymorph (6)
Scrolls
 c - a scroll of acquirement {unknown}
 f - 9 scrolls of identify
 g - a scroll of amnesia
 h - a scroll of enchant armour
 j - 3 scrolls of teleportation
 k - a scroll of fog
 u - a scroll of silence
 w - a scroll of magic mapping
 y - a scroll of fear
Potions
 b - a potion of degeneration
 d - 2 potions of might
 z - 3 potions of brilliance


   Skills:
 + Level 7.6 Fighting
 * Level 9.2 Axes
 + Level 7.0 Armour
 + Level 5.1 Dodging
 + Level 7.0 Shields
 + Level 7.1 Invocations


You had 10 spell levels left.
You didn't know any spells.
Your spell library contained the following spells:

 Spells                   Type           Power      Damage    Failure   Level
 Beastly Appendage        Tmut           0%         N/A       100%        1
 Sublimation of Blood     Necr           0%         N/A       100%        2
 Wereblood                Tmut           0%         N/A       100%        2
 Spider Form              Tmut/Pois      0%         N/A       100%        3
 Hailstorm                Conj/Ice       0%         3d3       100%        4
 Ice Form                 Ice/Tmut       0%         N/A       100%        4
 Petrify                  Tmut/Erth      0%         N/A       100%        4
 Metabolic Englaciation   Hex/Ice        0%         N/A       100%        5
 Statue Form              Tmut/Erth      0%         N/A       100%        6
 Simulacrum               Ice/Necr       Unusable   N/A       N/A         6
 Summon Hydra             Summ           Unusable   N/A       N/A         7

Dungeon Overview and Level Annotations

Branches:
Dungeon (11/15)            Temple (1/1) D:4
   Lair: D:8-11         Orc: D:9-12

Altars:
Ashenzari
Cheibriados
Dithmenos
Elyvilon
Fedhas
Gozag
Hepliaklqana
Kikubaaqudgha
Makhleb
Nemelex Xobeh
Okawaru
Qazlal
Ru
Sif Muna
Trog
Uskayaw
Vehumet
Wu Jian
Xom
Yredelemnul
Zin
The Shining One

Annotations:
D:3 3 runed translucent doors, aaaaab's ghost, amateur MiBe
D:10 4 runed translucent doors
D:11 Grum


Innate Abilities, Weirdness & Mutations

You are partially covered in slimy green scales. (AC +2)
You may rarely emit foul miasma when damaged in melee.
Spells you cast may paralyse nearby enemies.
Your touch may inflict irresistible damage on your foes.


Message History

You take 20 damage, and have 38/85 hp.
MASSIVE DAMAGE!!
You hit Grum. You freeze Grum.
Grum is lightly wounded.
You feel extremely sick. You block Grum's attack.
You take 9 damage, and have 29/85 hp.
You closely miss Grum.
Grum is lightly wounded.
* * * LOW HITPOINT WARNING * * *
You feel extremely sick. Grum hits you but does no damage.
You are more poisoned.
Grum hits you but does no damage.
You are more poisoned.
You take 7 damage, and have 22/85 hp.
You hit Grum. You freeze Grum.
Grum is lightly wounded.
* * * LOW HITPOINT WARNING * * *
You feel extremely sick. Grum hits you but does no damage.
You are more poisoned.
You take 10 damage, and have 12/85 hp.
You feel better. You block Grum's attack.
You regained 8 hp, and now have 20/85 hp.
You are confused.
You feel invigorated. Grum hits you but does no damage.
You are poisoned.
You regained 5 hp, and now have 25/85 hp.
You closely miss Grum.
Grum is lightly wounded.
You feel sick. Grum hits you with a -2 spear of venom!
* * * LOW HITPOINT WARNING * * *
You are lethally poisoned!
You take 10 damage, and have 15/85 hp.
You barely miss Grum.
Grum is lightly wounded.
* * * LOW HITPOINT WARNING * * *
You feel extremely sick. Grum hits you with a -2 spear of venom!
You die...

....>...#.#####.#.#
......#.#.......#.#
....(.#.'.#####.#.#
......###.# #...#.#
......# #.# #.###.#
####### #.. #.....#
######'#### #..)#
###@# #....g..#
#.......# #.......#
#.......# #.......#
#.......# #.......+


You could see Grum.

Vanquished Creatures
  2 two-headed ogres (D:10)
  Pikel (D:2)
  A cyclops (D:11)
  Maurice (D:11)
  A komodo dragon (shapeshifter) (D:10)
  A troll (D:11)
  A hornet (D:9)
  Grinder (D:4)
  Sigmund (D:3)
  2 wyverns
  6 yaks
  A wraith (D:10)
  Eustachio (D:4)
  A steam dragon (D:10)
  A water moccasin (D:8)
  An ogre (D:6)
  2 orc warriors
  A sky beast (D:6)
  2 ice beasts
  2 necrophages
  2 wolves (D:11)
  4 centaurs
  A phantom (D:6)
  2 lemures (D:3)
  A kobold brigand (D:7)
  A bullfrog (D:8)
  A gnoll sergeant (D:9)
  3 scorpions
  10 killer bees
  A wight (D:9)
  3 howler monkeys
  5 centaur zombies
  5 bullfrog zombies
  2 orc priests
  2 centaur skeletons
  3 hounds
  3 jellies (D:6)
  A gnoll shaman (D:7)
  3 iguanas
  Ijyb (D:3)
  3 orc wizards
  A killer bee zombie (D:8)
  A hound zombie (D:5)
  2 howler monkey zombies
  Robin (D:4)
  13 gnolls
  7 adders
  3 shadow imps
  4 white imps
  2 ufetubi
  2 adder skeletons
  2 worms
  3 dart slugs
  17 orcs
  9 endoplasms
  5 giant cockroaches
  16 goblins
  10 hobgoblins
  9 jackals
  4 quokkas
  5 ball pythons
  6 bats
  7 frilled lizards
  11 kobolds
  5 rats
232 creatures vanquished.

Notes
Turn   | Place    | Note
-------+----------+-------------------------------------------
     0 | D:1      | tatocazan the Demonspawn Fighter began the quest for the
                  | Orb.
     0 | D:1      | Reached XP level 1. HP: 18/18 MP: 1/1
   210 | D:1      | Reached skill level 2 in Axes
   211 | D:1      | Gained mutation: You are partially covered in slimy green
                  | scales. (AC +2) [demonic ancestry]
   211 | D:1      | Reached XP level 2. HP: 24/24 MP: 2/2
   886 | D:2      | Gained mutation: Your touch may inflict minor irresistible
                  | damage on your foes. [demonic ancestry]
   886 | D:2      | Reached XP level 3. HP: 22/29 MP: 3/3
  1299 | D:2      | Gained mutation: You may rarely emit foul miasma when
                  | damaged in melee. [demonic ancestry]
  1299 | D:2      | Reached XP level 4. HP: 35/35 MP: 4/4
  1332 | D:2      | Found a shadowy altar of Dithmenos.
  1343 | D:2      | You fall into a shaft and drop 1 floor!
  1373 | D:3      | Noticed a scorpion
  1392 | D:3      | Found a faded altar of an unknown god.
  1418 | D:3      | Killed a scorpion
  1419 | D:3      | Reached skill level 3 in Axes
  1419 | D:3      | Reached XP level 5. HP: 27/42 MP: 5/5
  2324 | D:3      | Noticed Ijyb
  2337 | D:3      | HP: 1/42 [Ijyb (3)]
  2339 | D:3      | Killed Ijyb
  2974 | D:3      | Noticed Sigmund
  3191 | D:3      | Killed Sigmund
  3192 | D:3      | Gained mutation: Spells you cast may paralyse adjacent
                  | enemies. [demonic ancestry]
  3192 | D:3      | Reached XP level 6. HP: 22/48 MP: 6/6
  3594 | D:3      | Found a runed translucent gate.
  3594 | D:3      | Found a runed translucent gate.
  3594 | D:3      | Found a runed translucent gate.
  3595 | D:3      | Noticed aaaaab's ghost (amateur MiBe)
  4155 | D:4      | Noticed Grinder
  4263 | D:4      | Reached skill level 4 in Axes
  4388 | D:4      | Noticed Pikel
  5271 | D:2      | Killed Pikel
  5272 | D:2      | Reached skill level 5 in Axes
  5272 | D:2      | Gained mutation: Spells you cast may paralyse nearby
                  | enemies. [demonic ancestry]
  5272 | D:2      | Reached XP level 7. HP: 24/55 MP: 7/7
  5766 | D:4      | Noticed Eustachio
  5817 | D:4      | Killed Eustachio
  5818 | D:4      | Reached skill level 5 in Fighting
  6252 | D:4      | Found a staircase to the Ecumenical Temple.
  6261 | Temple   | Entered the Ecumenical Temple
  6423 | Temple   | Became a worshipper of Warmaster Okawaru
  6475 | D:4      | Noticed Robin
  6480 | D:4      | Reached XP level 8. HP: 59/62 MP: 8/8
  6487 | D:4      | Killed Robin
  6804 | D:4      | Reached skill level 1 in Invocations
  7646 | D:4      | Paralysed by Grinder for 5 turns
  7656 | D:4      | Killed Grinder
  7657 | D:4      | Reached skill level 5 in Armour
  7657 | D:4      | Reached skill level 1 in Dodging
  7657 | D:4      | Reached skill level 5 in Shields
  8227 | D:5      | Entered Level 5 of the Dungeon
  8247 | D:5      | Reached skill level 6 in Axes
  8481 | D:5      | Reached * piety under Okawaru
  8642 | D:5      | Found a hide-covered altar of Uskayaw.
  8911 | D:5      | Reached XP level 9. HP: 69/69 MP: 11/11
  9584 | D:6      | Reached skill level 7 in Axes
 10449 | D:7      | Found a shimmering blue altar of Sif Muna.
 10468 | D:7      | Reached ** piety under Okawaru
 12179 | D:7      | Reached skill level 5 in Invocations
 12972 | D:8      | Reached XP level 10. HP: 39/77 MP: 13/13
 13595 | D:8      | Found a stormy altar of Qazlal.
 13629 | D:8      | Reached *** piety under Okawaru
 14173 | D:9      | Noticed a cyclops
 14177 | D:9      | Noticed a tengu warrior
 14268 | D:8      | Reached skill level 8 in Axes
 14505 | D:9      | Found a broken altar of Ashenzari.
 14507 | D:9      | Found an ornate altar of the Wu Jian Council.
 14656 | D:9      | Found a snail-covered altar of Cheibriados.
 14816 | D:10     | Entered Level 10 of the Dungeon
 15930 | D:10     | Found a large runed translucent door.
 15932 | D:10     | Found a large runed translucent door.
 15933 | D:10     | Noticed an ogre mage
 15958 | D:10     | Found a large runed translucent door.
 15958 | D:10     | Found a large runed translucent door.
 16010 | D:10     | Noticed a two-headed ogre
 16018 | D:10     | Killed a two-headed ogre
 16018 | D:10     | Reached **** piety under Okawaru
 17054 | D:10     | Noticed a two-headed ogre
 17061 | D:10     | Killed a two-headed ogre
 17232 | D:10     | Noticed a cyclops
 17250 | D:11     | Noticed a cyclops
 17262 | D:11     | Killed a cyclops
 17262 | D:11     | Reached ***** piety under Okawaru
 17263 | D:11     | Reached skill level 9 in Axes
 17263 | D:11     | Gained mutation: Your touch may inflict irresistible damage
                  | on your foes. [demonic ancestry]
 17263 | D:11     | Reached XP level 11. HP: 26/84 MP: 16/16
 17532 | D:11     | Noticed Maurice
 17905 | D:11     | Killed Maurice
 17928 | D:11     | Reached skill level 5 in Dodging
 18026 | D:11     | Noticed Grum
 18034 | D:11     | Received a gift from Okawaru
 18042 | D:11     | Slain by Grum

Illustrated notes

Levels and vault maps discovered:
D:1:      lightli_arrival_flooded_house, layout_basic, minivault_24,
          minivault_25
D:2:      layout_loops_cross, basic_altar
D:3:      layout_basic, hellmonk_ecumenical_altar_dog_temple,
          gammafunk_ghost_necromancy, minmay_unequal, uniq_ijyb, uniq_sigmund
D:4:      layout_layer_cave, minmay_temple_entry_arrows, uniq_robin,
          uniq_grinder, uniq_pikel, uniq_eustachio
D:5:      layout_basic, lemuel_doored_altar, serial_undead, serial_undead_c,
          serial_undead_c, serial_undead_a, serial_undead_e
D:6:      layout_basic
D:7:      layout_cave_pods, mainiacjoe_overflow_catwalk
D:8:      layout_basic, nicolae_qazlal_scattered_showers, hex_tiny
D:9:      layout_basic, lemuel_round_altar, jmf_multi_god_temple
D:10:     layout_grid_maze, serial_rivers, chequers_serial_rivers_small_b,
          chequers_serial_rivers_room_a, chequers_serial_rivers_room_b,
          chequers_serial_rivers_micro_e, chequers_serial_rivers_small_b,
          minmay_hollow_rounded_squares, uniq_erica
D:11:     layout_roguey, david_orc_5, enter_bailey_4, minmay_strange_pillars,
          uniq_josephine, uniq_snorg, uniq_maurice, uniq_grum
Temple:   nicolae_temple_elliptical

Skill      XL: |  1  2  3  4  5  6  7  8  9 10 11 |
---------------+----------------------------------+-----
Axes           | 2 3 5 6 7 9 |  9.2
Shields        | 3 4 5 6 7 |  7.0
Armour         | 3 4 5 6 7 |  7.0
Fighting       | 4 5 6 7 |  7.6
Invocations    | 3 5 6 7 |  7.1
Dodging        | 2 3 4 5 |  5.1

Action                   |  1- 3 |  4- 6 |  7- 9 | 10-12 || total
-------------------------+-------+-------+-------+-------++-------
Melee: War axe           |   107 |   146 |   441 |   217 ||   911
Invok: Heroism           |       |       |       |     2 ||     2
Evoke: Wand              |       |       |    12 |    13 ||    25
  Use: Potion            |       |     3 |     2 |     7 ||    12
       Scroll            |       |     7 |     4 |     6 ||    17
Armor: Scale mail        |    64 |    58 |       |       ||   122
       Chain mail        |       |    70 |   354 |   103 ||   527
       Plate armour      |       |       |       |    80 ||    80
Dodge: Dodged            |    66 |    80 |   202 |    96 ||   444
Block: Buckler           |    26 |    68 |    20 |       ||   114
       Kite shield       |       |       |   266 |   171 ||   437

Table legend: (Time is in decaauts)
 A = Elapsed time spent in this place.
 B = Non-inter-level travel time spent in this place.
 C = Inter-level travel time spent in this place.
 D = Time resting spent in this place.
 E = Time spent auto-exploring this place.
 F = Levels seen in this place.
 G = Mean time per level.
                   A        B        C        D        E       F      G
               +--------+--------+--------+--------+--------+-----+--------+
         Total |  18371 |  17857 |    514 |   7898 |   7513 |  12 | 1530.9 |
       Dungeon |  18192 |  17706 |    486 |   7898 |   7378 |  11 | 1653.8 |
        Temple |    179 |    151 |     28 |      0 |    135 |   1 |  179.0 |
               +--------+--------+--------+--------+--------+-----+--------+

Top non-repeatable levels by time:
     D:3: 3333 daAuts
    D:10: 2503 daAuts
     D:4: 2410 daAuts
     D:8: 2250 daAuts
     D:6: 1688 daAuts
     D:2: 1582 daAuts
     D:7: 1543 daAuts
     D:5: 917 daAuts
     D:1: 854 daAuts
     D:9: 640 daAuts
    D:11: 467 daAuts
  Temple: 179 daAuts
